 Dungeon Crawl Stone Soup version 0.28-b1-38-gff268fdeb9 (webtiles) character file.

Game seed: 3797243097679274548

1502 Cykl0x the Conjurer (level 8, 0/48 HPs)
             Began as a Gargoyle Conjurer on Feb 3, 2022.
             Was a Follower of the Shining One.
             Killed from afar by an orc wizard (5 damage)
             ... with a magic dart
             ... on level 6 of the Dungeon.
             The game lasted 00:20:08 (7851 turns).

Cykl0x the Conjurer (Gargoyle Conjurer)             Turns: 7851, Time: 00:20:08

Health: 0/48       AC: 12    Str: 12 (14) XL:     8   Next: 82%
Magic:  7/13       EV:  9    Int: 17 (18) God:    the Shining One [*.....]
Gold:   219        SH:  5    Dex:  7 (8)  Spells: 4/14 levels left

rFire   . . .      SeeInvis .   x - +0 great sword
rCold   . . .      Faith    .   (shield currently unavailable)
rNeg    + + .      Spirit   .   n - +0 scale mail
rPois   ∞          Reflect  +   (no helmet)
rElec   +          Harm     .   (no cloak)
rCorr   .          Rampage  .   (no gloves)
Will    .....                   (no boots)
Stlth   ..........              j - amulet of reflection
HPRegen 0.16/turn               f - ring of positive energy
MPRegen 0.13/turn               (no ring)

@: glowing
A: sickness immunity, AC +5, negative energy resistance 1, electricity
resistance, torment resistance 1, petrification resistance
a: Renounce Religion, Divine Shield


You were on level 6 of the Dungeon.
You worshipped the Shining One.
The Shining One was aware of your devotion.
You visited 2 branches of the dungeon, and saw 7 of its levels.

You collected 219 gold pieces.

Inventory:

Hand Weapons
 b - a +0 vampiric short sword
 h - a +3 dagger of draining
 l - a +5 short sword
 t - a +2 dagger of protection
 x - a +0 great sword (weapon)
Missiles
 r - 2 throwing nets
Armour
 a - a +1 robe
 i - a +0 ring mail
 n - a +0 scale mail (worn)
Jewellery
 f - a ring of positive energy (left hand)
 g - a ring of ice
 j - an amulet of reflection (around neck)
 u - a +4 ring of slaying
 v - an amulet of guardian spirit
Wands
 o - a wand of flame (20)
 s - a wand of acid (8)
Scrolls
 p - 3 scrolls of identify
Potions
 c - 2 potions of brilliance
 d - a potion of resistance
 e - a potion of cancellation
 k - 2 potions of flight
 m - 2 potions of attraction


   Skills:
 * Level 3.9 Fighting
 + Level 1.6(2.7) Short Blades
 * Level 3.3(3.5) Long Blades
 + Level 4.9 Armour
 + Level 2.4 Dodging
 - Level 2.1 Stealth
 + Level 1.6 Shields
 + Level 3.8 Spellcasting
 + Level 6.8 Conjurations
 * Level 2.8 Hexes


You had 4 spell levels left.
You knew the following spells:

 Your Spells              Type           Power      Damage    Failure   Level
a - Magic Dart            Conj           100%       1d8       4%          1
b - Searing Ray           Conj           52%        2d6       7%          2
c - Dazzling Flash        Conj/Hex       38%        N/A       30%         3
d - Fulminant Prism       Conj/Hex       9%         3d7       71%         4

Your spell library contained the following spells:

 Spells                   Type           Power      Damage    Failure   Level
 Iskenderun's Mystic Bla  Conj/Tloc      14%        2d5       88%         4


Dungeon Overview and Level Annotations

Branches:
Dungeon (6/15)             Temple (1/1) D:5

Altars:
Ashenzari
Cheibriados
Gozag
Hepliaklqana
Makhleb
Ru
Sif Muna
Wu Jian
Xom
Yredelemnul
The Shining One


Innate Abilities, Weirdness & Mutations

You are immune to sickness and miasma.
Your stone body is resilient. (AC +5)
You are immune to poison.
You resist negative energy. (rN+)
You are resistant to electric shocks. (rElec)
You are resistant to unholy torment.
You are immune to petrification.


Message History

You're too confused to move!
The orc wizard hits you but does no damage.
The orc wizard hits you with a +0 dagger.
* * * LOW HITPOINT WARNING * * *
The orc barely misses you.
It was a potion of degeneration.
There was something very wrong with that liquid.
You feel weakened.
You feel dopey.
You feel clumsy.
The orc is no longer blind.
The orc wizard barely misses you.
Okay, then.
You are too confused!
The orc wizard is no longer blind.
The orc wizard barely misses you. The orc hits you with a +0 short sword.
* * * LOW HITPOINT WARNING * * *
You feel less confused.
The ogre shouts!
Unknown command.
As you read the scroll labelled VYKIOGOEGG, it crumbles to dust.
It is a scroll of amnesia.
Really abort (and waste the scroll)? [Y]es or [N]o only, please.
Really abort (and waste the scroll)? [Y]es or [N]o only, please.
Really abort (and waste the scroll)?
Okay, then.
The orc wizard closely misses you. The orc barely misses you.
The orc wizard hits you but does no damage.
The orc wizard barely misses you. The orc hits you but does no damage.
The orc wizard casts a spell.
The orc wizard flickers and vanishes!
Unknown command.
An orc wizard appears from thin air!
Reactivating autopickup.
The orc wizard casts a spell at you.
A magic dart appears from out of thin air!
Deactivating autopickup; reactivate with Ctrl-A.
The magic dart hits you.
You die...

#.........#...
#########.........#...
#.................#...
#.................#...
#.........[[[.....#...
#......##########'#...
#......##....##......[
#....[..{.....'.......
#...<@.##.....#....>..
#########.....#.......
............#.......
.....##o....#.......
.... #.o..§§.......
... #O...#§§§§§#..
#########....##§§§##..
#.....)##.....#§§§#...
#....o........#§§§#...


There were no monsters in sight!

Vanquished Creatures
  Sigmund (D:3)
  An ice beast (D:5)
  2 ogres
  A phantom (D:6)
  Blork the orc (D:6)
  A wyvern zombie (D:5)
  A water moccasin zombie (D:5)
  5 wights (D:6)
  A howler monkey (D:5)
  2 orc priests (D:6)
  3 hounds
  A gnoll shaman (D:5)
  Jessica (D:2)
  Terence (D:2)
  An iguana (D:3)
  An orc wizard (D:5)
  2 hound skeletons (D:4)
  14 gnolls
  6 adders
  An ufetubus (D:4)
  An adder skeleton (D:3)
  3 worms
  8 orcs
  6 endoplasms
  6 giant cockroaches
  7 goblins
  6 hobgoblins
  3 jackals (D:2)
  7 kobolds
  4 quokkas
  8 ball pythons
  3 bats
  5 frilled lizards
  8 rats
122 creatures vanquished.

Notes
Turn   | Place    | Note
-------+----------+-------------------------------------------
     0 | D:1      | Cykl0x the Gargoyle Conjurer began the quest for the Orb.
     0 | D:1      | Reached XP level 1. HP: 10/10 MP: 3/3
   350 | D:1      | Reached XP level 2. HP: 16/16 MP: 0/5
   553 | D:1      | Learned a level 2 spell: Searing Ray
  1309 | D:2      | Reached XP level 3. HP: 20/20 MP: 0/6
  1314 | D:2      | Reached skill level 1 in Armour
  1435 | D:2      | Reached skill level 5 in Conjurations
  1554 | D:2      | Noticed Jessica
  1556 | D:2      | Killed Jessica
  1557 | D:2      | Reached skill level 1 in Fighting
  1563 | D:2      | Reached XP level 4. HP: 25/25 MP: 1/7
  1952 | D:2      | Learned a level 3 spell: Dazzling Flash
  2071 | D:2      | Noticed Terence
  2096 | D:2      | Killed Terence
  2097 | D:2      | Reached skill level 1 in Long Blades
  2468 | D:3      | Reached XP level 5. HP: 29/29 MP: 3/8
  2535 | D:3      | Noticed Sigmund
  2549 | D:3      | Killed Sigmund
  2550 | D:3      | Reached skill level 1 in Hexes
  2550 | D:3      | Reached XP level 6. HP: 14/35 MP: 2/9
  3216 | D:4      | Reached skill level 6 in Conjurations
  3487 | D:4      | Reached XP level 7. HP: 40/40 MP: 6/11
  3881 | D:3      | Reached skill level 1 in Short Blades
  4369 | D:3      | Found a burning altar of Makhleb.
  5071 | D:5      | Entered Level 5 of the Dungeon
  5408 | D:5      | Found a basalt altar of Yredelemnul.
  6096 | D:5      | Reached XP level 8. HP: 46/46 MP: 8/12
  6348 | D:5      | Found a staircase to the Ecumenical Temple.
  6355 | Temple   | Entered the Ecumenical Temple
  6401 | Temple   | Became a worshipper of the Shining One
  6422 | D:5      | Reached skill level 1 in Shields
  6547 | D:5      | Found a snail-covered altar of Cheibriados.
  6872 | D:5      | Learned a level 4 spell: Fulminant Prism
  7491 | D:6      | Found a hazy altar of Hepliaklqana.
  7491 | D:6      | Noticed Blork the orc
  7502 | D:6      | Killed Blork the orc
  7503 | D:6      | Found a faded altar of an unknown god.
  7812 | D:6      | Reached * piety under the Shining One
  7829 | D:6      | HP: 1/48 [orc (2)]
  7851 | D:6      | Killed from afar by an orc wizard

Illustrated notes

Levels and vault maps discovered:
D:1:      mainiacjoe_arrival_reflecting_pool, layout_basic, minmay_tetromino_s2
D:2:      layout_basic, palyth_stone_intersect, uniq_jessica, uniq_terence
D:3:      layout_basic, mainiacjoe_overflow_alcove_4, uniq_sigmund
D:4:      layout_loops_corners, nicolae_figureground_pulse
D:5:      layout_basic, mainiacjoe_overflow_six_doors_small,
          mainiacjoe_overflow_small_starburst, minmay_temple_entry_mini_moons
D:6:      layout_gridville, beargit_hepliaklqana_dungeon_heroes,
          lemuel_tele_altar, lemuel_crystal_altar, kennysheep_mini_moat,
          minmay_manual_mares, uniq_blork_the_orc
Temple:   compressed_dpeg_triangle_lava_temple

Skill      XL: |  1  2  3  4  5  6  7  8 |
---------------+-------------------------+-----
Armour         | 1 2 3 4 |  4.9
Conjurations   | 5 6 |  6.8
Fighting       | 1 2 3 |  3.9
Long Blades    | 1 2 3 |  3.3
Hexes          | 1 2 |  2.8
Short Blades   | 1 |  1.6
Spellcasting   | 3 |  3.8
Dodging        | 2 |  2.4
Shields        | 1 |  1.6
Stealth        | |  2.1

Action                   |  1- 3 |  4- 6 |  7- 9 || total
-------------------------+-------+-------+-------++-------
Melee: Unarmed           |     8 |       |       ||     8
       Short sword       |    17 |       |    20 ||    37
       Dagger            |       |    45 |    94 ||   139
       Great sword       |       |       |    16 ||    16
       Punch             |       |       |     1 ||     1
 Cast: Magic Dart        |    38 |    22 |    54 ||   114
       Searing Ray       |     5 |     9 |    28 ||    42
       Dazzling Flash    |       |     4 |    14 ||    18
  Use: Scroll            |     5 |     3 |     6 ||    14
       Potion            |       |       |     3 ||     3
 Stab: Invisible         |       |     1 |     1 ||     2
Armor: Robe              |     8 |       |       ||     8
       Ring mail         |       |     4 |       ||     4
       Scale mail        |       |     5 |   115 ||   120
Dodge: Dodged            |    12 |    27 |    84 ||   123
Block: Other             |       |       |    32 ||    32
       Reflection        |       |       |     2 ||     2
